[Event "Late-Titled-Tuesday-Blitz-December-26-2023"]
[Site "Chess.com"]
[Date "2023.12.26"]
[Round "7"]
[White "thechesscorner64"]
[Black "Nick12772"]
[Result "1-0"]
[WhiteElo "2447"]
[BlackElo "2309"]
[TimeControl "180+1"]
[EndTime "15:13:14 PST"]
[Termination "thechesscorner64 won by resignation"]

1. e4 e6 2. Qe2 d5 3. exd5 Qxd5 4. Nc3 Qd8 5. Nf3 Nf6 6. b3 Be7 7. Bb2 O-O 8. O-O-O c6 9. g4 b5 10. g5 Nd5 11. Rg1 Nxc3 12. dxc3 Qb6 13. Ne5 a5 14. Qh5 Qxf2 15. Bd3 g6 16. Nxg6 fxg6 17. Bxg6 hxg6 18.
Qxg6+ Kh8 19. c4+ 1-0

[Event "Late-Titled-Tuesday-Blitz-December-26-2023"]
[Site "Chess.com"]
[Date "2023.12.26"]
[Round "7"]
[White "Bala-Afiada"]
[Black "jcmesafischer"]
[Result "0-1"]
[WhiteElo "2018"]
[BlackElo "2303"]
[TimeControl "180+1"]
[EndTime "15:13:18 PST"]
[Termination "jcmesafischer won by resignation"]

1. d4 Nf6 2. c4 e6 3. g3 d5 4. Nf3 Bb4+ 5. Bd2 Be7 6. Bg2 O-O 7. O-O dxc4 8. Ne5 Qxd4 9. Bc3 Qc5 10. a3 Rd8 11. Qc2 Nd5 12. Be4 f5 13. Bf3 Nxc3 14.
Qxc3 Bf6 15. Qxc4 Qxe5 16. Nc3 Nc6 17. Bxc6 bxc6 18. Qxc6 Rb8 19. Nb5 Rxb5 0-1

[Event "Late-Titled-Tuesday-Blitz-December-26-2023"]
[Site "Chess.com"]
[Date "2023.12.26"]
[Round "7"]
[White "ChessLebaneseSalah"]
[Black "HanSchut"]
[Result "0-1"]
[WhiteElo "2427"]
[BlackElo "2273"]
[TimeControl "180+1"]
[EndTime "15:13:34 PST"]
[Termination "HanSchut won by checkmate"]

1. e4 c5 2. Nf3 d6 3. d4 cxd4 4. Nxd4 Nf6 5. Nc3 a6 6. f3 e5 7. Nb3 Be6 8. Be3 Be7 9. Qd2 Nbd7 10. O-O-O O-O 11. g4 b5 12. h4 b4 13. Nd5 Bxd5 14.
exd5 Nb6 15. Bxb6 Qxb6 16. g5 Nh5 17. Bd3 g6 18. Kb1 a5 19. Nc1 a4 20. Ne2 Qc5 21. Be4 Rfc8 22. f4 a3 23. b3 exf4 24. Nxf4 Nxf4 25. Qxf4 Qc3 26. Qd2 Qb2# 0-1

[Event "Late-Titled-Tuesday-Blitz-December-26-2023"]
[Site "Chess.com"]
[Date "2023.12.26"]
[Round "7"]
[White "jefferyx"]
[Black "severomorskij"]
[Result "1/2-1/2"]
[WhiteElo "3019"]
[BlackElo "2903"]
[TimeControl "180+1"]
[EndTime "15:13:37 PST"]
[Termination "Game drawn by agreement"]

1. e4 c5 2. Nf3 Nc6 3. Bb5 e6 4.
O-O Nge7 5. d4 cxd4 6. Nxd4 Ng6 7. Be2 Be7 8. c4 O-O 9. Nc3 b6 10. Nxc6 dxc6 11. Be3 e5 12. g3 Be6 13. a3 Qc7 14. b4 h6 15. Rc1 Rad8 16. Qb3 Bg5 17. Nd5 Qd7 18. Bxg5 hxg5 19. Ne3 Qc7 20. Nf5 Ne7 21. Nxe7+ Qxe7 22. Rfd1 Rxd1+ 23. Rxd1 Rd8 24. Rxd8+ Qxd8 25.
Qe3 1/2-1/2

[Event "Late-Titled-Tuesday-Blitz-December-26-2023"]
[Site "Chess.com"]
[Date "2023.12.26"]
[Round "7"]
[White "Rakitic2010"]
[Black "Sacbutt"]
[Result "0-1"]
[WhiteElo "2503"]
[BlackElo "2371"]
[TimeControl "180+1"]
[EndTime "15:13:50 PST"]
[Termination "Sacbutt won by resignation"]

1. e4 c5 2. Nf3 d6 3. d4 cxd4 4. Nxd4 Nf6 5. Nc3 a6 6. f3 e5 7.
Nb3 Be6 8. Be3 Nbd7 9. Qd2 b5 10. g4 Nb6 11. g5 Nfd7 12. O-O-O Nc4 13. Bxc4 bxc4 14.
Na1 Be7 15. h4 O-O 16. h5 f5 17.
exf5 Rxf5 18. g6 h6 19. Bxh6 gxh6 20. Qxh6 Bg5+ 21. Qxg5 Qxg5+ 22. Kb1 Qh6 23. Ne4 Rxh5 24. Rhg1 d5 25. Nc3 Nf6 26. f4 exf4 27. Ne2 Bg4 28. Rxg4 Nxg4 0-1

[Event "Late-Titled-Tuesday-Blitz-December-26-2023"]
[Site "Chess.com"]
[Date "2023.12.26"]
[Round "7"]
[White "DanielNaroditsky"]
[Black "GABUZYAN_CHESSMOOD"]
[Result "1/2-1/2"]
[WhiteElo "3103"]
[BlackElo "2904"]
[TimeControl "180+1"]
[EndTime "15:14:22 PST"]
[Termination "Game drawn by agreement"]

1. e4 c5 2. Nf3 e6 3. c3 Nf6 4.
e5 Nd5 5. d4 cxd4 6. cxd4 b6 7.
Bd2 Bb7 8. Nc3 Nxc3 9. Bxc3 Bd5 10. Bd3 Nc6 11. a3 f5 12. exf6 Qxf6 13. Qe2 Bd6 14. Be4 O-O 15. O-O Rae8 16. Rae1 Bxe4 17. Qxe4 Qf4 18.
Qxf4 Bxf4 19. d5 exd5 20. Rxe8 Rxe8 21. Rd1 Ne5 1/2-1/2

[Event "Late-Titled-Tuesday-Blitz-December-26-2023"]
[Site "Chess.com"]
[Date "2023.12.26"]
[Round "7"]
[White "Zampronha1971"]
[Black "ural58"]
[Result "1-0"]
[WhiteElo "2343"]
[BlackElo "2467"]
[TimeControl "180+1"]
[EndTime "15:14:27 PST"]
[Termination "Zampronha1971 won on time"]

1. e4 d5 2. exd5 Qxd5 3. Nc3 Qa5 4. d4 Nf6 5. Nf3 Nc6 6. Bb5 Ne4 7. Bxc6+ bxc6 8. O-O Nxc3 9. bxc3 Bf5 10. Bd2 e6 11. Ne5 Qa4 12. Qf3 Bd6 13. Nxc6 1-0

[Event "Late-Titled-Tuesday-Blitz-December-26-2023"]
[Site "Chess.com"]
[Date "2023.12.26"]
[Round "7"]
[White "Flaccidmoves"]
[Black "tripledes"]
[Result "1-0"]
[WhiteElo "2395"]
[BlackElo "2219"]
[TimeControl "180+1"]
[EndTime "15:14:30 PST"]
[Termination "Flaccidmoves won by resignation"]

1. Nf3 f5 2. d3 Nf6 3. e4 d6 4. e5 dxe5 5. Nxe5 Nbd7 6. Bf4 e6 7. d4 Bd6 8. Nd3 O-O 9. Be2 Nd5 10. Bxd6 cxd6 11.
c4 N5f6 12. Nc3 e5 13. O-O e4 14. Nf4 Nb6 15. c5 dxc5 16. dxc5 Qxd1 17. Rfxd1 Nbd7 18. Bc4+ Kh8 19. Ne6 Rg8 20. Nc7 Rb8 21. Bxg8 Kxg8 22.
b4 Kf7 23. N3b5 Ne5 24. Rd8 Nc6 25. Rxc8 1-0

[Event "Late-Titled-Tuesday-Blitz-December-26-2023"]
[Site "Chess.com"]
[Date "2023.12.26"]
[Round "7"]
[White "almaguerjm"]
[Black "UK_23"]
[Result "1-0"]
[WhiteElo "2484"]
[BlackElo "2351"]
[TimeControl "180+1"]
[EndTime "15:14:32 PST"]
[Termination "almaguerjm won by resignation"]

1. e4 e5 2. Nf3 Nf6 3. Nxe5 Nxe4 4. Qe2 Qe7 5. d4 d6 6. Nd3 d5 7. Bf4 Nc6 8. c3 Bf5 9. f3 Nd6 10. Bxd6 cxd6 11. Qxe7+ Bxe7 12. Nf4 Be6 13. h4 Kd7 14. Na3 a6 15. Nc2 b5 16. Ne3 Rhe8 17. Kf2 Na5 18.
Nfxd5 Bd8 19. g3 g6 20. b4 Nc4 21. Bxc4 bxc4 22. Nf4 Rc8 23. a4 f6 24. h5 g5 25.
Nxe6 Rxe6 26. Nf5 d5 27. Rhe1 Rcc6 28. Ng7 Rxe1 29. Rxe1 Bc7 30. Re8 Rb6 31. Rh8 a5 32.
b5 Rb7 33. Rxh7 Kd8 34. Ne6+ 1-0

[Event "Late-Titled-Tuesday-Blitz-December-26-2023"]
[Site "Chess.com"]
[Date "2023.12.26"]
[Round "7"]
[White "McCarthyStone"]
[Black "SEBAZZANO"]
[Result "1-0"]
[WhiteElo "2403"]
[BlackElo "2271"]
[TimeControl "180+1"]
[EndTime "15:14:33 PST"]
[Termination "McCarthyStone won by resignation"]

1. Nc3 d5 2. d4 Nf6 3. Bf4 c6 4.
e3 g6 5. h4 h5 6. Bd3 Bg7 7.
Nf3 Bg4 8. Qd2 Nbd7 9. O-O-O O-O 10. Rdg1 b5 11. Ne5 Nxe5 12. dxe5 Nd7 13. f3 Be6 14. g4 hxg4 15. h5 Nxe5 16. hxg6 Nxg6 17. Qh2 f5 18. Qh7+ Kf7 19. Rxg4 fxg4 20. Bxg6+ Kf6 21. Qh4+ Kxg6 22. Qh5+ 1-0

[Event "Late-Titled-Tuesday-Blitz-December-26-2023"]
[Site "Chess.com"]
[Date "2023.12.26"]
[Round "7"]
[White "ahkashefi2800"]
[Black "hsd2016"]
[Result "1-0"]
[WhiteElo "2620"]
[BlackElo "2294"]
[TimeControl "180+1"]
[EndTime "15:14:34 PST"]
[Termination "ahkashefi2800 won by resignation"]

1. d4 d5 2. c4 c6 3. Nc3 Nf6 4.
Nf3 dxc4 5. a4 Bf5 6. e3 e6 7.
Bxc4 Bb4 8. Ne5 O-O 9. O-O Nbd7 10.
f4 Nxe5 11. fxe5 Ne4 12. Bd2 Nxd2 13. Qxd2 Qg5 14. Rf3 Rad8 15. Raf1 c5 16. Rg3 Qh6 17. Qf2 cxd4 18. exd4 Ba5 19. Nb5 Bb6 20. Nd6 Rxd6 21. exd6 Rd8 22. a5 Bxa5 23. Bd3 Rxd6 24. Bxf5 exf5 25. Qxf5 Qe6 26. Qxa5 1-0

[Event "Late-Titled-Tuesday-Blitz-December-26-2023"]
[Site "Chess.com"]
[Date "2023.12.26"]
[Round "7"]
[White "PapaieDudu"]
[Black "CFalcons8"]
[Result "1-0"]
[WhiteElo "2505"]
[BlackElo "2258"]
[TimeControl "180+1"]
[EndTime "15:14:43 PST"]
[Termination "PapaieDudu won by resignation"]

1. e4 e5 2. Nf3 Nf6 3. Nc3 Nc6 4. Bb5 Bc5 5. d3 a6 6. Ba4 O-O 7. O-O b5 8. Bb3 d6 9. Bg5 h6 10. Bh4 Bg4 11. h3 Bh5 12. g4 Bg6 13. Nd5 Bh7 14.
g5 Nd7 15. gxh6 Qc8 16. hxg7 Kxg7 17. Kh2 f6 18. Rg1+ Kh8 19. c3 Qd8 20. Qd2 Ne7 21.
Qh6 Rf7 22. Nxe7 Qxe7 23. Bxf7 Qxf7 24. Rg2 1-0

[Event "Late-Titled-Tuesday-Blitz-December-26-2023"]
[Site "Chess.com"]
[Date "2023.12.26"]
[Round "7"]
[White "GMthekingindian"]
[Black "Championnn-9"]
[Result "0-1"]
[WhiteElo "2317"]
[BlackElo "2516"]
[TimeControl "180+1"]
[EndTime "15:14:58 PST"]
[Termination "Championnn-9 won by resignation"]

1. e4 c6 2. c4 d5 3. cxd5 cxd5 4. exd5 Qxd5 5. d4 e6 6. Nf3 Nf6 7. Nc3 Qd8 8. Bd3 Nc6 9. O-O Bd6 10. Bg5 O-O 11.
Qe2 h6 12. Bh4 Be7 13. Rfd1 Nd5 14. Nxd5 exd5 15. Bxe7 Nxe7 16. Rac1 Bg4 17. h3 Bh5 18. g4 Bg6 19. Ne5 Bxd3 20. Rxd3 Re8 21. Qf3 f6 22. Re3 fxe5 23. Rxe5 Nc6 24. Qxd5+ Qxd5 25. Rxd5 Rad8 26. Rb5 Nxd4 0-1

[Event "Late-Titled-Tuesday-Blitz-December-26-2023"]
[Site "Chess.com"]
[Date "2023.12.26"]
[Round "7"]
[White "TheMagician"]
[Black "AsaHoffmann"]
[Result "0-1"]
[WhiteElo "2173"]
[BlackElo "2354"]
[TimeControl "180+1"]
[EndTime "15:14:59 PST"]
[Termination "AsaHoffmann won by resignation"]

1. d4 Nf6 2. Bg5 e6 3. e4 d6 4. Nc3 Be7 5. Nf3 b6 6. e5 dxe5 7. dxe5 Qxd1+ 8. Rxd1 Nfd7 9. Bxe7 Kxe7 10. Bd3 Bb7 11. Be4 Bxe4 12. Nxe4 Nc6 13. Ke2 Ndxe5 14. Nxe5 Nxe5 15. f4 Nc6 16. c3 Rad8 17. Rxd8 Rxd8 18. b3 h6 19. g4 f5 20. gxf5 exf5 21. Ng3 g6 22. h4 h5 23. Rg1 Kf6 24. Nf1 Ne7 25. Ne3 Nd5 26. Nxd5+ Rxd5 27. Ke3 c5 28. a4 a6 29. Rb1 Rd6 30. Rc1 Re6+ 31. Kf3 Re4 32. Rd1 Ke7 33. Rd5 Re1 34. a5 Rc1 35. c4 Rc3+ 36. Kg2 Rxb3 37. axb6 Rxb6 38. Rxc5 Kd6 39. Rc8 Rc6 40. Ra8 Kc5 41. Kf3 Kxc4 42. Ke3 Re6+ 43.
Kd2 Kd4 44. Rc8 Ke4 45. Rc4+ Kf3 0-1

[Event "Late-Titled-Tuesday-Blitz-December-26-2023"]
[Site "Chess.com"]
[Date "2023.12.26"]
[Round "7"]
[White "mbojan"]
[Black "WPWPWP-2015"]
[Result "1-0"]
[WhiteElo "2891"]
[BlackElo "2584"]
[TimeControl "180+1"]
[EndTime "15:15:01 PST"]
[Termination "mbojan won by resignation"]

1. e4 e5 2. Nf3 Nc6 3. Bb5 Nf6 4. O-O Nxe4 5. Re1 Nd6 6. Nxe5 Be7 7. Bf1 Nxe5 8.
Rxe5 O-O 9. d4 Bf6 10. Re1 Nf5 11. c3 d5 12. Nd2 c6 13. a4 Be6 14. Qb3 Rb8 15.
Nf3 Nh4 16. Nxh4 Bxh4 17. Bf4 Rc8 18. Qxb7 Bxf2+ 19. Kxf2 Qf6 20. Ke3 Rce8 21. Be5 Qg5+ 22. Kf2 f6 23. Bg3 Bg4 24. Kg1 h5 25. Qxc6 Rc8 26. Qd6 h4 27. Bf4 Qf5 28. h3 Bh5 29.
Qe6+ Qxe6 30. Rxe6 g5 31. Bd6 Rf7 32. Rae1 Rc6 33. Bc5 Rcc7 34. Re7 f5 35. Rxc7 Rxc7 36. Re5 1-0

[Event "Late-Titled-Tuesday-Blitz-December-26-2023"]
[Site "Chess.com"]
[Date "2023.12.26"]
[Round "7"]
[White "NovakRatko"]
[Black "nitpicker"]
[Result "1-0"]
[WhiteElo "2424"]
[BlackElo "2304"]
[TimeControl "180+1"]
[EndTime "15:15:02 PST"]
[Termination "NovakRatko won on time"]

1. d4 Nf6 2. c4 e6 3. a3 d5 4. Nc3 Be7 5. f3 c5 6. cxd5 cxd4 7. Qxd4 Nc6 8. Qa4 exd5 9. e3 O-O 10. Bd3 Bc5 11. Nge2 Re8 12. O-O Bxe3+ 13. Bxe3 Rxe3 14. Qc2 Bd7 15. Rad1 Rc8 16. Nxd5 Nb4 17. Nxf6+ Qxf6 18. Bxh7+ Kh8 19. Qd2 Rce8 20. Qxd7 Rxe2 21. Qh3 Qxb2 22. Bd3+ Kg8 23. Bxe2 Qxe2 24. axb4 1-0

[Event "Late-Titled-Tuesday-Blitz-December-26-2023"]
[Site "Chess.com"]
[Date "2023.12.26"]
[Round "7"]
[White "UmutErdemGunduz"]
[Black "h4parah5"]
[Result "0-1"]
[WhiteElo "2713"]
[BlackElo "2928"]
[TimeControl "180+1"]
[EndTime "15:15:19 PST"]
[Termination "h4parah5 won by resignation"]

1. e4 c5 2. Nf3 Nc6 3. d4 cxd4 4. Nxd4 Nf6 5. Nc3 h5 6. Bg5 Qa5 7. Bxf6 gxf6 8. Be2 e6 9. Nb3 Qe5 10. a3 h4 11. Qd3 a6 12. O-O-O b5 13. g3 Rb8 14. f4 Qc7 15. Qe3 Qb6 16. Qd3 b4 17. Na4 Qb5 18. Qxb5 axb5 19. Nac5 bxa3 20. bxa3 Na5 21. Rd4 hxg3 22. h3 Nxb3+ 23. Nxb3 Bxa3+ 24. Kd2 Ke7 25. Rd3 Bd6 26. Rf3 Bb7 27. Ke3 f5 28. e5 Bc7 0-1

[Event "Late-Titled-Tuesday-Blitz-December-26-2023"]
[Site "Chess.com"]
[Date "2023.12.26"]
[Round "7"]
[White "AlexanderL"]
[Black "attack2mateU"]
[Result "1-0"]
[WhiteElo "2894"]
[BlackElo "2718"]
[TimeControl "180+1"]
[EndTime "15:15:19 PST"]
[Termination "AlexanderL won by resignation"]

1. d4 Nf6 2. g3 d5 3. Nf3 c5 4. Bg2 cxd4 5. O-O h6 6. Nxd4 e5 7. Nb3 Nc6 8. Nc3 Be6 9. f4 exf4 10. gxf4 g6 11. Kh1 d4 12. Ne4 Nxe4 13. Bxe4 Bd5 14. Qd3 f5 15. Bf3 Bg7 16. Rg1 Kf7 17. Bd2 Re8 18.
Rg2 Qd6 19. Rag1 Re6 20. c4 Bxf3 21. exf3 Rae8 22. Nc1 Qd8 23. Qb3 b6 24. Nd3 Qh4 25. c5 Ne7 26. cxb6 axb6 27. Re2 Nc8 28. Rxe6 Rxe6 29. Rxg6 Kxg6 30. Qxe6+ Bf6 31. Ne5+ Kh7 32. Qxf5+ 1-0

[Event "Late-Titled-Tuesday-Blitz-December-26-2023"]
[Site "Chess.com"]
[Date "2023.12.26"]
[Round "7"]
[White "ATM622"]
[Black "sheldons73tshirt"]
[Result "0-1"]
[WhiteElo "2432"]
[BlackElo "2680"]
[TimeControl "180+1"]
[EndTime "15:15:28 PST"]
[Termination "sheldons73tshirt won on time"]

1. d4 d5 2. c4 dxc4 3. e3 Nf6 4.
Bxc4 e6 5. Nf3 c5 6. O-O cxd4 7. Qxd4 Nbd7 8. Rd1 Be7 9. a3 O-O 10. b4 Nd5 11. Bb2 Bf6 12. Qd2 N7b6 13. Bb3 Bd7 14. e4 Bxb2 15. Qxb2 Nf6 16. Nc3 Qe7 17. Rac1 Rac8 18.
e5 Ng4 19. Ne4 Rxc1 20. Rxc1 Bc6 21. Qe2 Nd5 22. Nd4 Nxe5 23. Nc5 Qg5 24. f4 Nxf4 25. Qf1 Bxg2 0-1

[Event "Late-Titled-Tuesday-Blitz-December-26-2023"]
[Site "Chess.com"]
[Date "2023.12.26"]
[Round "7"]
[White "Bryanl106"]
[Black "kasparicy"]
[Result "0-1"]
[WhiteElo "2553"]
[BlackElo "2471"]
[TimeControl "180+1"]
[EndTime "15:15:29 PST"]
[Termination "kasparicy won by checkmate"]

1. e4 c5 2. Nf3 d6 3. d4 cxd4 4.
Nxd4 Nf6 5. Nc3 a6 6. h3 e6 7.
g4 b5 8. Bg2 Bb7 9. a3 Nfd7 10.
O-O Be7 11. g5 Bxg5 12. Nxe6 fxe6 13. Qh5+ g6 14. Qxg5 Qxg5 15. Bxg5 Ne5 16. Rad1 Nf7 17. Bf4 e5 18. Be3 Nc6 19. f4 O-O 20. Nd5 Na5 21. b3 Bxd5 22. Rxd5 Rac8 23. Rf2 Rc6 24. a4 Rb8 25. f5 Rcc8 26. Bf1 Nc6 27. axb5 Nb4 28. bxa6 Nxd5 29. exd5 gxf5 30. a7 Ra8 31. Bb6 f4 32. Ba6 Rxa7 33. Bxc8 Ra1+ 34. Rf1 Ra2 35. c4 Ng5 36. Bc7 Ne4 37. Re1 Ng3 38. Bxd6 f3 39. Bc5 Rg2# 0-1

[Event "Late-Titled-Tuesday-Blitz-December-26-2023"]
[Site "Chess.com"]
[Date "2023.12.26"]
[Round "7"]
[White "miraitrunks"]
[Black "lolo9292"]
[Result "0-1"]
[WhiteElo "2067"]
[BlackElo "2202"]
[TimeControl "180+1"]
[EndTime "15:15:30 PST"]
[Termination "lolo9292 won on time"]

1. d4 d5 2. c4 c6 3. Nc3 Nf6 4. Nf3 e6 5. cxd5 exd5 6. Bg5 Nbd7 7. e3 h6 8. Bh4 Be7 9. Bd3 Ne4 10. Nxe4 Bxh4 11.
Nd6+ Kf8 12. Nxh4 Qxh4 13. Nf5 Qf6 14. O-O g6 15. Ng3 h5 16. Ne2 Kg7 17. f4 Nf8 18. h3 Bf5 19. Ng3 Bxd3 20. Qxd3 Re8 21. f5 g5 22. e4 h4 23. e5 Qh6 24. f6+ Kg8 25. Nf5 Qg6 26. Qb3 Kh7 27. Qxb7 Ne6 28. Nd6 Ref8 29. Qe7 Nf4 0-1

[Event "Late-Titled-Tuesday-Blitz-December-26-2023"]
[Site "Chess.com"]
[Date "2023.12.26"]
[Round "7"]
[White "FREZZY23"]
[Black "olawsson"]
[Result "1-0"]
[WhiteElo "2390"]
[BlackElo "2169"]
[TimeControl "180+1"]
[EndTime "15:15:34 PST"]
[Termination "FREZZY23 won on time"]

1. d4 d6 2. Nf3 g6 3. g3 Bg7 4. Bg2 Nf6 5. O-O O-O 6. c4 c6 7. Nc3 Qa5 8. e4 Qh5 9. e5 dxe5 10. Nxe5 Ng4 11. Nxg4 Bxg4 12. Qb3 Bxd4 13. Qxb7 Nd7 14. Bf4 e5 15. Bc1 Nc5 16. Qxc6 Rac8 17. Qd6 Rfd8 18. Qe7 Nd3 19. Nd5 Rxd5 20. Bxd5 Be2 21. Qxf7+ 1-0

[Event "Late-Titled-Tuesday-Blitz-December-26-2023"]
[Site "Chess.com"]
[Date "2023.12.26"]
[Round "7"]
[White "GAusal"]
[Black "dmarcolino"]
[Result "0-1"]
[WhiteElo "2293"]
[BlackElo "2147"]
[TimeControl "180+1"]
[EndTime "15:15:34 PST"]
[Termination "dmarcolino won by resignation"]

1. d4 d5 2. Nf3 Nf6 3. Bf4 c5 4. e3 Nc6 5. c3 Qb6 6. Qb3 c4 7. Qxb6 axb6 8. Nbd2 b5 9. Be2 b4 10. O-O bxc3 11. bxc3 Bf5 12. a4 h6 13. Ne5 Nxe5 14.
Bxe5 e6 15. Bxf6 gxf6 16. e4 Bg6 17. exd5 exd5 18. Bf3 O-O-O 19. a5 h5 20. a6 bxa6 21. Rxa6 Bh6 22. Nxc4 dxc4 23. Ra7 Rhe8 24. Rfa1 Bd2 25. Rb7 Re1+ 26. Rxe1 Bxe1 27. Rb4 Bd3 28. Rb7 Rd7 29. Rb5 Bxc3 30. Bxh5 Bxd4 31. Bg4 f5 32. Bxf5 Bxf5 33. Rxf5 c3 34. Kf1 c2 0-1

[Event "Late-Titled-Tuesday-Blitz-December-26-2023"]
[Site "Chess.com"]
[Date "2023.12.26"]
[Round "7"]
[White "Zadar321"]
[Black "rdarruda"]
[Result "1-0"]
[WhiteElo "2438"]
[BlackElo "2504"]
[TimeControl "180+1"]
[EndTime "15:15:35 PST"]
[Termination "Zadar321 won by resignation"]

1. e4 c5 2. Nf3 Nc6 3. d4 cxd4 4. Nxd4 e5 5. Nb5 a6 6. Nd6+ Bxd6 7. Qxd6 Qe7 8. Qxe7+ Ngxe7 9. Nc3 Nb4 10. Bd3 d5 11. exd5 Bf5 12. Ke2 Bxd3+ 13. cxd3 O-O-O 14. Be3 Nexd5 15. Nxd5 Rxd5 16. Rhd1 Rhd8 17. Rac1+ Kb8 18. Rc3 Nxa2 19. Rb3 a5 20. Ra1 Nb4 21. Bb6 R8d6 22. Rxa5 Rxb6 23. Rxb4 Rxb4 24. Rxd5 Rxb2+ 25. Ke3 f6 26. Rd7 b5 27.
Rxg7 b4 28. Rxh7 b3 29. Rh6 Rc2 30. Rxf6 Kb7 31. Rf7+ Kb6 32. Rf8 b2 33. Rb8+ Ka5 34.
g4 Ka4 35. g5 Ka3 36. g6 Rc1 37. g7 Rg1 38. g8=Q Rxg8 39. Rxg8 b1=Q 40. Ra8+ Kb2 41. Rb8+ Kc2 42. Rxb1 Kxb1 43. d4 1-0

[Event "Late-Titled-Tuesday-Blitz-December-26-2023"]
[Site "Chess.com"]
[Date "2023.12.26"]
[Round "7"]
[White "DCacheiro"]
[Black "PoXerStar"]
[Result "1-0"]
[WhiteElo "2565"]
[BlackElo "2422"]
[TimeControl "180+1"]
[EndTime "15:15:37 PST"]
[Termination "DCacheiro won on time"]

1. e4 c5 2. Nf3 g6 3. d4 cxd4 4. Qxd4 Nf6 5. Nc3 Nc6 6. Qa4 d6 7. e5 dxe5 8. Nxe5 Bd7 9. Nxd7 Qxd7 10. Bf4 Bg7 11. Rd1 Qe6+ 12. Be2 O-O 13. O-O Nd7 14. Bc4 Qf5 15. Bd3 Qc5 16. Be3 Qh5 17. Ne4 Nb6 18.
Qb3 Rfd8 19. Ng3 Qa5 20. c3 Ne5 21. Be4 1-0

[Event "Late-Titled-Tuesday-Blitz-December-26-2023"]
[Site "Chess.com"]
[Date "2023.12.26"]
[Round "7"]
[White "SergioMoralesG"]
[Black "pedromartinez91"]
[Result "1-0"]
[WhiteElo "2423"]
[BlackElo "2541"]
[TimeControl "180+1"]
[EndTime "15:15:41 PST"]
[Termination "SergioMoralesG won by resignation"]

1. d4 Nf6 2. c4 c5 3. d5 e6 4. Nc3 exd5 5. cxd5 Bd6 6. Bg5 O-O 7. e3 Re8 8. Bd3 Be5 9. Nge2 d6 10. Qc2 Nbd7 11.
Bxh7+ Nxh7 12. Bxd8 Rxd8 13. O-O Nhf6 14. f4 Bxc3 15. Nxc3 Re8 16. Nb5 Rd8 17. Nxd6 Nxd5 18. Qb3 N7b6 19. Nxc8 Raxc8 20. Rad1 c4 21. Qa3 c3 22. bxc3 Nc4 23. Qxa7 Ncxe3 24. Rfe1 Nxd1 25. Rxd1 b5 26. Qa5 Rb8 27. c4 bxc4 28. Rxd5 Rdc8 29. Rc5 Re8 30. Rxc4 Rb2 31. Rd4 g6 32. Rd8 Rb1+ 33.
Kf2 Rb2+ 34. Kg3 Rxd8 35. Qxd8+ Kh7 36. a4 Rb3+ 37. Kf2 Rb2+ 38. Kf3 Rb3+ 39. Ke2 Rb2+ 40. Kd1 Rb1+ 41. Kc2 Ra1 42. Kb3 Rb1+ 43. Kc4 Rc1+ 44.
Kb5 Rb1+ 45. Ka6 Rd1 46. Qxd1 1-0

[Event "Late-Titled-Tuesday-Blitz-December-26-2023"]
[Site "Chess.com"]
[Date "2023.12.26"]
[Round "7"]
[White "CuteSheepCloud"]
[Black "SCIM"]
[Result "0-1"]
[WhiteElo "2634"]
[BlackElo "2527"]
[TimeControl "180+1"]
[EndTime "15:15:43 PST"]
[Termination "SCIM won by resignation"]

1. e4 e6 2. d4 d5 3. Nd2 h6 4.
exd5 exd5 5. Bd3 Nf6 6. Ngf3 Bd6 7. O-O O-O 8. c3 Re8 9. h3 Nbd7 10. Nh4 Nf8 11. Nf5 Bxf5 12. Bxf5 g6 13. Bd3 Ne6 14.
g3 Kg7 15. Nf3 Ne4 16. Kg2 f5 17. Qb3 Be7 18. Qxb7 N6c5 19. dxc5 Nxc5 20. Qb5 Rb8 21. Qc6 Nxd3 22. Nd4 Qd6 23. Qa4 Nxc1 24. Raxc1 Bf6 25. Rce1 Re4 26. f3 Rxb2+ 27. Rf2 Rxf2+ 28. Kxf2 Rxe1 29. Kxe1 Qxg3+ 30. Kd1 Qg1+ 31. Kc2 Qf2+ 32. Kb3 Bxd4 33. Qd7+ Kf6 34. Qc6+ Kg5 35. cxd4 Qxf3+ 36. Kb4 Qe4 37. Kc5 Qc2+ 38. Kxd5 Qxc6+ 39. Kxc6 f4 40. Kxc7 f3 41. d5 f2 42. d6 f1=Q 43. d7 Qc4+ 0-1

[Event "Late-Titled-Tuesday-Blitz-December-26-2023"]
[Site "Chess.com"]
[Date "2023.12.26"]
[Round "7"]
[White "lefonghua"]
[Black "Onthequiet"]
[Result "1-0"]
[WhiteElo "2668"]
[BlackElo "2421"]
[TimeControl "180+1"]
[EndTime "15:15:45 PST"]
[Termination "lefonghua won by checkmate"]

1. d4 d5 2. c4 e6 3. Nc3 Nf6 4.
cxd5 exd5 5. Bg5 c6 6. e3 Be7 7. Bd3 Nbd7 8. Qc2 Nh5 9. Bxe7 Qxe7 10. Nge2 g6 11. O-O f5 12. Rae1 O-O 13. Nc1 Ndf6 14. f3 Be6 15. Qf2 c5 16. dxc5 Qxc5 17. Nb3 Qb4 18.
Rd1 Rad8 19. Nd4 Bf7 20. a3 Qb6 21. b4 f4 22. Na4 fxe3 23. Qxe3 Qc7 24. g3 Rfe8 25.
Qf2 b6 26. Rc1 Qe5 27. Nc6 Qe3 28. Qxe3 Rxe3 29. Nxd8 Rxd3 30. Nxf7 Rxa3 31. Nxb6 Kxf7 32. Rc7+ Ke6 33. Nc8 d4 34. Re1+ Kd5 35. Rc5# 1-0

[Event "Late-Titled-Tuesday-Blitz-December-26-2023"]
[Site "Chess.com"]
[Date "2023.12.26"]
[Round "7"]
[White "elchacal664"]
[Black "ChristopherYoo"]
[Result "1-0"]
[WhiteElo "2329"]
[BlackElo "2930"]
[TimeControl "180+1"]
[EndTime "15:15:49 PST"]
[Termination "elchacal664 won by resignation"]

1. e4 g6 2. d4 Bg7 3. Nf3 d6 4.
h3 Nf6 5. Bd3 O-O 6. O-O Nc6 7. c3 e5 8. dxe5 Nxe5 9. Nxe5 dxe5 10. Qe2 Nh5 11. Rd1 Nf4 12. Bxf4 exf4 13. Nd2 Qe7 14. Nf3 Bd7 15. Bb5 c6 16. Bd3 c5 17.
Bb5 Bc8 18. a4 Rb8 19. Bc4 b6 20. Bd5 g5 21. Nh2 Be6 22. Qc4 Bxd5 23. Qxd5 Rfd8 24.
Qf5 h6 25. Ng4 Qe6 26. Qxe6 fxe6 27. Kf1 h5 28. Nh2 Kf7 29. Ke2 Kg6 30. Rxd8 Rxd8 31.
Rd1 Rxd1 32. Kxd1 a6 33. Kc2 b5 34. axb5 axb5 35. b3 Bf6 36. f3 c4 37. bxc4 bxc4 38. Nf1 g4 39. hxg4 hxg4 40. Nd2 gxf3 41. gxf3 Kg5 42.
Nxc4 Kh4 43. e5 Be7 44. Kd3 Kg3 45. Ke4 Bc5 46. Nd6 Ba3 47. c4 Kf2 48. Kxf4 Ke2 49. Ke4 Kd2 50. Nb7 1-0

[Event "Late-Titled-Tuesday-Blitz-December-26-2023"]
[Site "Chess.com"]
[Date "2023.12.26"]
[Round "7"]
[White "Durarbayli"]
[Black "rasmussvane"]
[Result "1-0"]
[WhiteElo "2926"]
[BlackElo "2922"]
[TimeControl "180+1"]
[EndTime "15:15:50 PST"]
[Termination "Durarbayli won by resignation"]

1. e4 e5 2. Nf3 Nc6 3. Bb5 a6 4. Ba4 Nf6 5. O-O Be7 6. Re1 b5 7.
Bb3 O-O 8. a4 Bb7 9. d3 d6 10.
Nbd2 Nd7 11. c3 Nc5 12. axb5 axb5 13. Rxa8 Qxa8 14. Bc2 b4 15. Nc4 bxc3 16. bxc3 Bf6 17. Be3 Nd7 18. h4 Na5 19. Ncd2 d5 20. h5 h6 21. Nh2 dxe4 22. dxe4 Rd8 23. Qg4 Kh8 24.
Ra1 Bc8 25. Qf3 Nb8 26. Nb3 Nbc6 27. Bxh6 Be6 28. Nxa5 Nxa5 29. Be3 Qa6 30. h6 Qb5 31. Ng4 Bxg4 32. Qxg4 Nc4 33. hxg7+ Bxg7 34. Qh4+ 1-0